 Dungeon Crawl Stone Soup version 0.19.4-9-g45fd643 (webtiles) character file.

1642 equalderp2856 the Gouger (level 8, -6/36 HPs)
             Began as a Felid Fighter on Feb 15, 2017.
             Mangled by Paps's ghost (19 damage)
             ... in a bailey.
             The game lasted 00:25:41 (11538 turns).

equalderp2856 the Gouger (Felid Fighter)           Turns: 11538, Time: 00:25:42

Health: -6/36      AC:  4    Str: 11    XL:     8   Next: 67%
Magic:  9/9        EV: 25    Int: 12    God:
Gold:   411        SH:  0    Dex: 16    Spells: 0 memorised, 7 levels left
                                        Lives:  0   Deaths: 3

rFire  . . .     SeeInvis +       - Unarmed
rCold  . . .     Gourm    .     (armour unavailable)
rNeg   . . .     Faith    .     (shield unavailable)
rPois  .         Spirit   .     (helmet unavailable)
rElec  .         Reflect  .     (cloak unavailable)
rCorr  .         Harm     .     (gloves unavailable)
MR     +....                    (boots unavailable)
Stlth  +++++.....               (no amulet)
                                (no ring)
                                (no ring)

@: quick
A: no armour, no weapons or thrown items, stealth, claws 1, fangs 3, horns 1,
iridescent scales 1, see invisible, carnivore 3, speed 1, shaggy fur 2, slow
metabolism 1, weak 1, sharp paws
a: no special abilities


You were in a bailey.
You were not hungry.

You visited 1 branch of the dungeon, and saw 10 of its levels.
You also visited: Bailey.

You collected 411 gold pieces.

Inventory:

Missiles
 m - 85 arrows
 J - 18 poisoned needles
Jewellery
 c - a +5 ring of evasion {unknown}
 n - a cursed ring of teleportation {unknown}
 q - an uncursed ring of see invisible {unknown}
 y - a cursed -3 ring of dexterity {unknown}
 B - a cursed -3 ring of intelligence {unknown}
 K - a cursed -2 ring of intelligence {unknown}
Wands
 F - a wand of polymorph (2/24)
 G - a wand of confusion (6/48)
 H - a wand of flame (27/48)
Scrolls
 d - a scroll of enchant weapon
 e - 5 scrolls of enchant armour {unknown}
 f - 12 scrolls of identify {unknown}
 l - 6 scrolls of remove curse {unknown}
 o - 3 scrolls of fog {unknown}
 p - 3 scrolls of amnesia {unknown}
 t - 3 scrolls of teleportation {unknown}
 u - a scroll of immolation {unknown}
 w - 3 scrolls of noise {unknown}
 z - 3 scrolls of magic mapping {unknown}
 C - 4 scrolls of recharging {unknown}
 D - a scroll of vulnerability {unknown}
 E - a scroll of blinking {unknown}
 M - a scroll of silence {unknown}
 O - a scroll of summoning {unknown}
Potions
 a - a potion of might
 g - 5 potions of mutation
 h - a potion of agility
 i - 4 potions of haste
 j - 2 potions of degeneration
 s - 2 potions of lignification
Books
 v - a book of Minor Magic

   Spells                             Type                      Level
   a - Magic Dart                     Conjuration                  1
   b - Blink                          Translocation                2
   c - Call Imp                       Summoning                    2
   d - Repel Missiles                 Charms/Air                   2
   e - Slow                           Hexes                        2
   f - Conjure Flame                  Conjuration/Fire             3
   g - Mephitic Cloud                 Conjuration/Poison/Air       3
 x - a book of Maledictions

   Spells                             Type                      Level
   a - Corona                         Hexes                        1
   b - Ensorcelled Hibernation        Hexes/Ice                    2
   c - Confuse                        Hexes                        3
   d - Tukima's Dance                 Hexes                        3
   e - Dazzling Spray                 Conjuration/Hexes            3
 P - a book of Debilitation

   Spells                             Type                      Level
   a - Corona                         Hexes                        1
   b - Slow                           Hexes                        2
   c - Gell's Gravitas                Hexes/Translocation          3
   d - Inner Flame                    Hexes/Fire                   3
   e - Cause Fear                     Hexes                        4
   f - Leda's Liquefaction            Hexes/Earth                  4
Comestibles
 b - 3 meat rations
 k - 4 fruits
 r - 2 slices of pizza
 A - a beef jerky
 I - 2 bread rations
 N - 10 royal jellies


   Skills:
 + Level 4.4 Fighting
 + Level 9.8 Dodging
 + Level 9.2 Stealth
 + Level 12.2 Unarmed Combat


You had 7 spell levels left.
You didn't know any spells.

Dungeon Overview and Level Annotations

Branches:
Dungeon (10/15)            Temple (0/1) D:6            Lair (0/6) D:8
    Orc: D:9-12

Altars:
Dithmenos
Gozag
Kikubaaqudgha
Makhleb
Nemelex Xobeh
Ru
Sif Muna
Uskayaw
Yredelemnul

Shops:
D:4 *   D:7 ?

Annotations:
D:5 Dowan, Duvessa
D:6 Blork the orc Bailey Paps's ghost, novice TrFi


Innate Abilities, Weirdness & Mutations

You cannot wear armour.
You are incapable of wielding weapons or throwing items.
Your paws allow you to move quietly. (Stealth)
You have sharp claws.
You have razor-sharp teeth.
You have supernaturally acute eyesight. (SInv)
You are carnivorous and can eat meat at any time.
You cover ground quickly.
You are covered in thick fur. (AC +2)
You have a slow metabolism.
Your sharp claws are effective at attacking unaware monsters.
You have a pair of small horns on your head.
You are partially covered in iridescent scales. (AC +2)
You are weak. (Str -2)


Message History

The gnoll hits you from afar with a spear.
Paps's ghost misses you.
The gnoll hits you from afar with a spear.
There is an open gate here.
The gnoll closely misses you.
You barely miss the gnoll.
You headbutt the gnoll, but do no damage.
You bite the gnoll, but do no damage. You scratch the gnoll but do no damage.
Your headbutt misses the gnoll. You claw the gnoll, but do no damage.
The gnoll misses you.
You scratch the gnoll.
You headbutt the gnoll, but do no damage.
The gnoll is moderately wounded.
Paps's ghost completely misses you. The gnoll misses you. x2
You scratch the gnoll.
The gnoll is moderately wounded.
Paps's ghost says very slowly, "There's no hope."
Paps's ghost hits you!!
Ouch! That really hurt!
You die...

♣.≈.)### ♣♣.≈).# ♣..≈).#
♣..≈..# ##### ♣♣..≈.)#
##...## .
♣♣...≈..######.....## g#
#♣♣♣)......'...#...$..)#...
#∩..)......'g.g'...8...'...
#♣♣♣......@Wg..#...$...#...
♣♣...≈.g######.....## +#
♣...≈..# ##...## ♣...≈..#
##### ♣♣..≈..# ♣♣.≈..#
♣.≈..### ♣♣≈≈...#######
♣♣≈≈≈≈≈≈≈≈≈≈≈


You could see Paps's ghost and 4 gnolls.

Vanquished Creatures
  Pikel (D:8)
  A gargoyle (D:10)
  3 hippogriffs
  Sigmund (D:6)
  A wraith (D:10)
  5 yaks (D:10)
  Menkaure (D:6)
  A mottled dragon (D:8)
  2 orc warriors
  A sky beast (D:10)
  3 ogres
  2 necrophages
  2 centaurs
  2 big kobolds
  2 gnoll sergeants (Bailey)
  3 bullfrogs
  A wyvern skeleton (D:10)
  4 howler monkeys
  6 crimson imps
  5 jellies
  3 bullfrog zombies
  2 bullfrog skeletons
  9 hounds
  2 gnoll shamans (Bailey)
  2 orc priests (D:9)
  3 orc wizards
  3 worker ants
  A hound skeleton (D:9)
  2 worker ant zombies
  9 adders
  10 gnolls
  A howler monkey skeleton (D:9)
  2 shadow imps
  6 oozes
  An adder skeleton (D:9)
  2 worms
  A dart slug (D:1)
  4 leopard geckos
  13 orcs
  A ball python (D:3)
  6 giant cockroaches
  10 goblins
  4 hobgoblins
  3 jackals (D:5)
  2 quokkas
  3 bats
  5 frilled lizards
  12 kobolds
  3 rats (D:2)
172 creatures vanquished.

Vanquished Creatures (others)
  4 withered plants (D:6)
4 creatures vanquished.

Grand Total: 176 creatures vanquished

Notes
Turn   | Place    | Note
-------+----------+-------------------------------------------
     0 | D:1      | equalderp2856 the Felid Fighter began the quest for the Orb.
     0 | D:1      | Reached XP level 1. HP: 10/10 MP: 2/2
    12 | D:1      | Noticed an electric eel
   989 | D:2      | Reached XP level 2. HP: 11/14 MP: 3/3
  1281 | D:2      | Found a hide-covered altar of Uskayaw.
  1285 | D:2      | Found an opulent altar of Gozag.
  1285 | D:2      | Found a deep blue altar of Sif Muna.
  1285 | D:2      | Found a sparkling altar of Nemelex Xobeh.
  1429 | D:2      | Reached XP level 3. HP: 5/17 MP: 4/4
  2144 | D:3      | Reached skill level 5 in Unarmed Combat
  2329 | D:3      | Reached skill level 1 in Stealth
  2388 | D:3      | Reached XP level 4. HP: 21/21 MP: 5/5
  3173 | D:3      | Gained mutation: You are weak. (Str -2) [potion of mutation]
  3173 | D:3      | Gained mutation: You are partially covered in iridescent scales. (AC +2) [potion of mutation]
  3173 | D:3      | Gained mutation: You have a pair of small horns on your head. [potion of mutation]
  3441 | D:4      | Reached XP level 5. HP: 15/24 MP: 6/6
  3532 | D:4      | Slain by a gnoll
  3533 | D:4      | Reached XP level 4. HP: -2/21 MP: 5/5
  3553 | D:4      | Found a burning altar of Makhleb.
  3603 | D:4      | Reached skill level 6 in Unarmed Combat
  3715 | D:4      | HP: 1/21 [gnoll/+0 spear (7)]
  3808 | D:4      | Found Ottiesuw's Assorted Antiques.
  4216 | D:4      | Reached skill level 5 in Dodging
  4216 | D:4      | Reached XP level 5. HP: 22/24 MP: 6/6
  4723 | D:5      | Entered Level 5 of the Dungeon
  4862 | D:5      | Noticed Dowan
  4866 | D:5      | Noticed Duvessa
  4871 | D:5      | Gained mutation: You are covered in thick fur. (AC +2) [Felid growth]
  4871 | D:5      | Reached XP level 6. HP: 15/28 MP: 7/7
  5441 | D:6      | Found a staircase to the Ecumenical Temple.
  5461 | D:6      | Noticed an orc warrior
  5462 | D:6      | Noticed Sigmund
  5485 | D:6      | Reached skill level 7 in Unarmed Combat
  5737 | D:6      | Reached XP level 7. HP: 23/29 MP: 8/8
  5786 | D:6      | Killed Sigmund
  6196 | D:6      | Found an ancient bone altar of Kikubaaqudgha.
  6323 | D:6      | Reached skill level 8 in Unarmed Combat
  6532 | D:6      | Reached skill level 5 in Stealth
  6728 | D:6      | Reached XP level 8. HP: 24/33 MP: 9/9
  6772 | D:6      | Noticed Menkaure
  7032 | D:6      | Noticed Blork the orc
  7293 | D:7      | Found Uveatsutimm's Magic Scroll Shop.
  7343 | D:7      | Noticed a hill giant
  7448 | D:6      | Killed Menkaure
  7896 | D:8      | Noticed a hippogriff
  7913 | D:8      | Killed a hippogriff
  7913 | D:8      | Reached skill level 9 in Unarmed Combat
  8744 | D:8      | Found a shadowy altar of Dithmenos.
  8744 | D:8      | Found a faded altar of an unknown god.
  8749 | D:8      | Found a faded altar of an unknown god.
  8751 | D:8      | Found a sacrificial altar of Ru.
  8753 | D:8      | Found a faded altar of an unknown god.
  8817 | D:8      | Noticed Pikel
  8860 | D:9      | Noticed a hippogriff
  8873 | D:9      | Killed a hippogriff
  8873 | D:9      | Reached XP level 9. HP: 26/39 MP: 10/10
  8892 | D:9      | Reached skill level 10 in Unarmed Combat
  8979 | D:9      | Found a basalt altar of Yredelemnul.
 10527 | D:8      | Killed Pikel
 10527 | D:8      | Reached skill level 11 in Unarmed Combat
 10558 | D:8      | Found a staircase to the Lair.
 11034 | D:10     | Entered Level 10 of the Dungeon
 11066 | D:10     | Noticed a gargoyle
 11073 | D:10     | Killed a gargoyle
 11073 | D:10     | Reached XP level 10. HP: 43/43 MP: 11/11
 11240 | D:10     | Slain by a yak
 11241 | D:10     | Reached XP level 9. HP: -1/39 MP: 10/10
 11287 | D:10     | Reached skill level 12 in Unarmed Combat
 11361 | D:10     | Found a flagged portal.
 11388 | Bailey   | Entered a bailey
 11420 | Bailey   | Noticed Paps's ghost (novice TrFi)
 11442 | Bailey   | Mangled by Paps's ghost
 11443 | Bailey   | Reached XP level 8. HP: -13/36 MP: 9/9
 11538 | Bailey   | Mangled by Paps's ghost

Skill      XL: |  1  2  3  4  5  6  7  8  9 |
---------------+----------------------------+-----
Unarmed Combat | 5 6 7 8 9 12 | 12.2
Stealth        | 1 2 3 5 7 9 |  9.2
Dodging        | 5 6 8 9 |  9.8
Fighting       | 4 |  4.4

Action                   |  1- 3 |  4- 6 |  7- 9 | 10-12 || total
-------------------------+-------+-------+-------+-------++-------
Melee: Unarmed           |    98 |   156 |   340 |    27 ||   621
       Bite              |     9 |    13 |    36 |     4 ||    62
       Punch             |     5 |     7 |    26 |     2 ||    40
       Headbutt          |       |    19 |    64 |     8 ||    91
  Use: Potion            |       |     6 |     4 |       ||    10
       Scroll            |       |     1 |       |       ||     1
 Stab: Sleeping          |     1 |     4 |    10 |     2 ||    17
       Distracted        |       |       |     2 |       ||     2
  Eat: Chunk             |     3 |     6 |     3 |       ||    12
       Royal jelly       |       |       |     2 |       ||     2
       Pizza             |       |       |     2 |       ||     2
Armor: Skin              |     7 |    10 |    34 |     2 ||    53
Dodge: Dodged            |    77 |   139 |   320 |    26 ||   562
